 Dungeon Crawl Stone Soup version 0.23.2-30-g0e89c35649 (webtiles) character file.

Game seed: 14248080031619756326

59955 cjay27 the Fighter (level 14, -1/177 HPs)
             Began as a Demonspawn Abyssal Knight on June 11, 2019.
             Was the Champion of Lugonu.
             Succumbed to caleiya's ghost's poison
             ... on level 1 of the Orcish Mines.
             The game lasted 02:22:54 (24415 turns).

cjay27 the Fighter (Demonspawn Abyssal Knight)     Turns: 24415, Time: 02:22:55

Health: -1/177     AC: 37    Str: 27 (30) XL:     14   Next: 55%
Magic:  23/23      EV:  2    Int: 13 (16) God:    Lugonu [******]
Gold:   1052       SH:  7    Dex:  9 (11) Spells: 8/25 levels left

rFire    . . .     SeeInvis .   N - +4 spear of Undoing {chaos, rElec rN++ Str+4}
rCold    . . .     Gourm    .   S - +2 buckler
rNeg     + + +     Faith    .   (armour currently unavailable)
rPois    +         Spirit   .   (helmet currently unavailable)
rElec    +         Reflect  .   (cloak currently unavailable)
rCorr    .         Harm     .   (gloves currently unavailable)
MR       +....     NoTele   +   (boots currently unavailable)
Stlth    +.........             (no amulet)
HPRegen  0.79/turn              d - +3 ring of strength
MPRegen  0.18/turn              H - +6 ring of strength

@: lethally poisoned (-1 -> -14), tree-form
A: clever 1, clumsy 1, icemail, regeneration 1, freezing cloud immunity,
MP-powered wands
a: Depart the Abyss, Bend Space, Banish, Corrupt, Enter the Abyss, Brand Weapon
With Distortion, Renounce Religion


You were on level 1 of the Orcish Mines.
You worshipped Lugonu.
Lugonu was exalted by your worship.
You were very hungry.
You were a tree.
You visited 3 branches of the dungeon, and saw 22 of its levels.
You visited the Abyss 3 times.

You collected 2066 gold pieces.
You spent 1014 gold pieces at shops.

Inventory:

Hand Weapons
 r - a +4 spear of freezing
 N - the +4 spear of Undoing (weapon) {chaos, rElec rN++ Str+4}
   (You took it off a spriggan on level 6 of the Lair of Beasts)

   Each time it hits an enemy it has a different, random effect.
   It affects your strength (+4).
   It insulates you from electricity.
   It greatly protects you from negative energy.
Armour
 i - a +2 pair of gloves (melded)
 k - a +3 plate armour (melded)
 n - a +0 pair of boots (melded)
 A - a +2 cloak (melded)
 S - a +2 buckler (worn)
Magical Staves
 B - an uncursed staff of conjuration
Jewellery
 d - a +3 ring of strength (left branch)
 f - an uncursed ring of resist corrosion
 o - an uncursed ring of fire
 E - a +1 ring of slaying
 H - a +6 ring of strength (right branch)
 I - an uncursed ring of magical power
Wands
 a - a wand of iceblast (6)
 l - a wand of acid (16)
 t - a wand of flame (33)
 x - a wand of random effects (52)
 G - a wand of paralysis (28)
Scrolls
 e - 3 scrolls of amnesia
 g - 4 scrolls of teleportation
 j - 6 scrolls of remove curse
 s - a scroll of fear
 F - a scroll of magic mapping
 K - 2 scrolls of fog
 M - a scroll of enchant armour
 O - a scroll of enchant weapon
 P - 2 scrolls of silence
Potions
 h - 5 potions of flight
 p - a potion of berserk rage {unknown}
 v - 6 potions of brilliance
 D - a potion of ambrosia {unknown}
Miscellaneous
 q - a phantom mirror
Comestibles
 c - 22 rations


   Skills:
 + Level 13.1 Fighting
 - Level 12.0 Polearms
 + Level 10.0 Armour
 - Level 4.0 Dodging
 - Level 9.0 Shields
 - Level 6.0 Spellcasting
 - Level 6.0 Hexes
 + Level 6.3 Necromancy
 - Level 4.0 Invocations


You had 8 spell levels left.
You knew the following spells:

 Your Spells              Type           Power        Failure   Level  Hunger
a - Confuse               Hex            ###.....     4%          3    ###....
b - Animate Skeleton      Necr           N/A          1%          1    None
c - Pain                  Necr           ###.         1%          1    None
d - Corpse Rot            Necr           N/A          1%          2    ##.....
e - Vampiric Draining     Necr           ###.......   3%          3    ###....
f - Animate Dead          Necr           N/A          13%         4    ####...
g - Regeneration          Chrm/Necr      ##........   14%         3    ###....

Your spell library contained the following spells:

 Spells                   Type           Power        Failure   Level  Hunger
 Confusing Touch          Hex            ###...       1%          1    None
 Sublimation of Blood     Necr           ###.......   1%          2    ##.....
 Dazzling Spray           Conj/Hex       ##....       14%         3    ###....
 Apportation              Tloc           #.....       17%         1    None
 Beastly Appendage        Tmut           #.....       17%         1    None
 Magic Dart               Conj           #...         17%         1    None
 Sandblast                Erth           #.....       17%         1    None
 Summon Small Mammal      Summ           #...         17%         1    None
 Passwall                 Tmut/Erth      #.......     26%         2    ##.....
 Searing Ray              Conj           #.....       26%         2    ##.....
 Sticks to Snakes         Tmut           #.......     26%         2    ##.....
 Agony                    Necr           ###.....     34%         5    ######.
 Dispel Undead            Necr           ###.....     34%         5    ######.
 Fulminant Prism          Conj/Hex       ##........   43%         4    ####...
 Gell's Gravitas          Tloc           #.........   45%         3    ###....
 Spider Form              Tmut/Pois      #.........   45%         3    ###....
 Stone Arrow              Conj/Erth      #.....       45%         3    ###....
 Bolt of Draining         Conj/Necr      ##........   78%         5    ######.
 Excruciating Wounds      Chrm/Necr      ##........   78%         5    ######.
 Metabolic Englaciation   Hex/Ice        ##........   80%         5    ######.
 Yara's Violent Unravell  Hex/Tmut       ##........   80%         5    ######.
 Force Lance              Conj/Tloc      #.......     86%         4    ####...
 Ice Form                 Ice/Tmut       #.......     86%         4    ####...
 Iskenderun's Mystic Bla  Conj           #.......     86%         4    ####...
 Petrify                  Tmut/Erth      #.......     86%         4    ####...
 Blade Hands              Tmut           #.........   99%         5    ######.
 Irradiate                Conj/Tmut      #.........   99%         5    ######.
 Lee's Rapid Deconstruct  Erth           #.........   99%         5    ######.
 Hydra Form               Tmut           #.........   100%        6    #######
 Statue Form              Tmut/Erth      #........    100%        6    #######
 Dragon Form              Tmut           #.........   100%        7    #######


Dungeon Overview and Level Annotations

Branches:
Dungeon (14/15)            Temple (0/1) D:4            Lair (6/6) D:11
 Shoals (0/4) Lair:4        Snake (0/4) Lair:4        Slime (0/5) Lair:5
    Orc (2/2) D:11            Elf (0/3) Orc:2
 Vaults: D:13-14

Altars:
Dithmenos
Fedhas
Hepliaklqana
Makhleb
Nemelex Xobeh
Okawaru
Qazlal
Ru
Sif Muna
Trog
Wu Jian
Yredelemnul
The Shining One

Shops:
D:4 [   D:8 :   D:10 !%(:(   D:11 %   D:13 :

Annotations:
D:4 Menkaure
D:12 1 runed translucent door
Lair:1 exclusion: 2 oklob plants
Lair:4 3 runed translucent doors, slayr's ghost, journeyman MfIE
Orc:1 Erica; caleiya's ghost, adept GrFi


Innate Abilities, Weirdness & Mutations

((You have a pair of antennae on your head.))
((Your flesh is cold resistant. (rC+)))
A meltable icy envelope protects you from harm. (AC +10)
((You are partially covered in sharp spines.))
You are immune to freezing clouds.
((When seriously injured, your bleeding wounds create very thick armour. (AC +0)))
Your mind is acute. (Int +2)
You are clumsy. (Dex -2)
Your natural rate of healing is unusually fast.
You expend magic power (3 MP) to strengthen your wands.


Message History

You block caleiya's ghost's attack.
* * * LOW HITPOINT WARNING * * *
You feel very sick.
Your surroundings suddenly seem different.
* * * LOW HITPOINT WARNING * * *
You feel very sick.
Okay, then.
It was a potion of lignification.
You turn into a tree.
Your +2 cloak melds into your body.
Your +2 pair of gloves melds into your body.
Your +0 pair of boots melds into your body.
Your +3 plate armour melds into your body.
Your roots penetrate the ground.
Your blood armour dries and flakes away.
* * * LOW HITPOINT WARNING * * *
You feel sick.
It was a potion of degeneration.
There was something very wrong with that liquid.
You feel weakened.
You feel dopey.
You feel clumsy.
You die...

.....##
#######................##
#..###
##.##.#.........#....#.##
##.##
#.....................##
....#
##.##.##.##...........#
##.##
#########...........####
#### #....#......##..##
.# #...#......[)..... ##
##...........##.... #
#.♣...........##... ###
##.#...........##..
##.####.........>.#.###..
#....##..........>....##.
#.......).....#.........#
##...)...................
##.<.....^.........#.#.#
#...#.##.....#........##
##.#######..#...#.##.##


There were no monsters in sight!

Vanquished Creatures
  The ghost of Terandir the Severer, a journeyman MiFi of Okawaru (Lair:6)
  A stone giant (Orc:2)
  Erolcha (Orc:2)
  7 hydras
  Harold (D:8)
  2 two-headed ogres
  4 orc knights
  An orc sorcerer (Orc:2)
  A cyclops (D:11)
  5 elephants (Lair:6)
  3 merfolk sirens (Lair:4)
  A moth of wrath (Lair:6)
  5 black mambas
  A centaur zombie (D:13)
  An eye of devastation (Lair:5)
  A gargoyle (D:11)
  12 spiny frogs
  12 komodo dragons
  A rime drake (Lair:4)
  2 trolls (Orc:2)
  9 polar bears (Lair:6)
  A merfolk (Lair:4)
  2 hornets
  18 blink frogs
  Grinder (D:5)
  12 hippogriffs
  4 spriggans (Lair:6)
  Sigmund (D:4)
  A shadow (D:6)
  A wyvern (D:9)
  A wraith (D:11)
  31 yaks
  A human (D:7)
  Grum (Lair:1)
  2 basilisks (Lair:6)
  2 hungry ghosts
  3 hogs (D:7)
  5 swamp worms (D:11)
  15 hell hounds (Lair:6)
  12 wargs
  A two-headed ogre zombie (D:11)
  An acid dragon (D:11)
  2 nagas (Lair:4)
  A soldier ant (D:13)
  13 water moccasins
  5 porcupines
  27 orc warriors
  3 phantoms
  3 sky beasts
  2 necrophages (D:7)
  4 ice beasts
  14 black bears
  An eye of draining (Lair:5)
  8 ogres
  21 wolves
  7 centaurs
  9 crocodiles
  3 big kobolds
  24 bullfrogs
  A gnoll sergeant (Orc:1)
  A troll zombie (D:11)
  4 scorpions
  A water moccasin skeleton (D:7)
  13 killer bees
  3 howler monkeys
  17 wights
  2 jellies
  5 crimson imps
  A quasit (D:9)
  A bullfrog zombie (D:7)
  8 hounds
  16 orc priests
  3 bullfrog skeletons
  A centaur skeleton (D:10)
  22 orc wizards
  Crazy Yiuf (D:4)
  6 worker ants
  5 iguanas
  6 ogre zombies (D:11)
  A hound zombie (D:5)
  3 hound skeletons
  2 worker ant zombies
  Robin (D:4)
  4 gnolls (D:7)
  2 howler monkey skeletons
  8 adders
  A shadow imp (D:5)
  An adder skeleton (D:4)
  An adder zombie (D:5)
  A dart slug (D:2)
  6 leopard geckos
  79 orcs
  A ball python (D:3)
  8 giant cockroaches
  17 goblins
  6 hobgoblins
  14 jackals
  3 quokkas
  6 bats
  8 frilled lizards
  3 goblin skeletons (D:11)
  3 goblin zombies (D:11)
  3 hobgoblin zombies (D:11)
  A jackal skeleton (D:4)
  A jackal zombie (D:8)
  19 kobolds
  A leopard gecko skeleton (D:3)
  2 orc skeletons (D:11)
  14 orc zombies (D:11)
  A quokka zombie (D:5)
  6 rats
679 creatures vanquished.

Vanquished Creatures (others)
  A troll (Orc:1)
  An orc priest (Orc:2)
  An orc wizard (Orc:2)
  7 fungi (Lair:6)
  16 plants
26 creatures vanquished.

Grand Total: 705 creatures vanquished

Notes
Turn   | Place    | Note
-------+----------+-------------------------------------------
     0 | Abyss:1  | cjay27 the Demonspawn Abyssal Knight began the quest for
                  | the Orb.
     0 | Abyss:1  | Reached XP level 1. HP: 18/18 MP: 2/2
     4 | Abyss:1  | Found a corrupted altar of Lugonu.
    69 | Abyss:1  | Noticed a small abomination
    69 | Abyss:1  | Noticed a neqoxec
    70 | D:1      | Escaped the Abyss
   259 | D:1      | Reached skill level 1 in Dodging
   602 | D:1      | Gained mutation: You have a pair of small antennae on your
                  | head. [demonic ancestry]
   602 | D:1      | Reached XP level 2. HP: 20/24 MP: 4/4
   611 | D:1      | Reached * piety under Lugonu
  1484 | D:2      | Found a stormy altar of Qazlal.
  1486 | D:2      | Found a deep blue altar of Sif Muna.
  1640 | D:2      | Reached XP level 3. HP: 29/29 MP: 5/5
  2081 | D:2      | Reached XP level 4. HP: 35/35 MP: 6/6
  2846 | D:3      | Found a faded altar of an unknown god.
  2981 | D:3      | Reached ** piety under Lugonu
  3146 | D:3      | Found a sacrificial altar of Ru.
  3152 | D:3      | Found a shadowy altar of Dithmenos.
  3248 | D:4      | Found Ofoar's Armour Boutique.
  3294 | D:4      | Reached XP level 5. HP: 32/42 MP: 7/7
  3725 | D:4      | Noticed Robin
  3763 | D:4      | Killed Robin
  3841 | D:4      | Reached skill level 4 in Fighting
  3897 | D:4      | Found a staircase to the Ecumenical Temple.
  3945 | D:4      | Noticed Sigmund
  3984 | D:4      | Killed Sigmund
  3984 | D:4      | Gained mutation: When seriously injured, your bleeding
                  | wounds create armour. (AC +0) [demonic ancestry]
  3984 | D:4      | Reached XP level 6. HP: 33/48 MP: 9/9
  4394 | D:4      | Noticed Menkaure
  4767 | D:4      | Found a runed translucent door.
  4768 | D:4      | Noticed Crazy Yiuf
  4783 | D:4      | Paralysed by Crazy Yiuf for 3 turns
  4791 | D:4      | Cast into level 1 of the Abyss (Crazy Yiuf)
  4993 | Abyss:1  | Noticed a small abomination
  4994 | D:4      | Escaped the Abyss
  5001 | D:4      | Killed Crazy Yiuf
  5416 | D:4      | Gained mutation: When seriously injured, your bleeding
                  | wounds create thick armour. (AC +0) [demonic ancestry]
  5416 | D:4      | Reached XP level 7. HP: 31/55 MP: 10/10
  5664 | D:5      | Entered Level 5 of the Dungeon
  6223 | D:5      | Noticed Grinder
  6227 | D:5      | Paralysed by Grinder for 7 turns
  6244 | D:5      | Killed Grinder
  6244 | D:5      | Reached skill level 5 in Fighting
  6460 | D:5      | Learned a level 3 spell: Confuse
  6537 | D:5      | Reached XP level 8. HP: 61/62 MP: 11/11
  7139 | D:6      | Gained mutation: You are clumsy. (Dex -2) [potion of
                  | mutation]
  7139 | D:6      | Gained mutation: Your mind is acute. (Int +2) [potion of
                  | mutation]
  7139 | D:6      | Gained mutation: Your natural rate of healing is unusually
                  | fast. [potion of mutation]
  7139 | D:6      | Gained mutation: You expend magic power (3 MP) to
                  | strengthen your wands. [potion of mutation]
  7237 | D:5      | Reached skill level 1 in Hexes
  7510 | D:6      | Found a hazy altar of Hepliaklqana.
  7538 | D:6      | Reached skill level 1 in Spellcasting
  7680 | D:6      | Reached *** piety under Lugonu
  8095 | D:6      | Found a blossoming altar of Fedhas.
  8320 | D:6      | Reached skill level 5 in Polearms
  8320 | D:6      | Reached skill level 5 in Armour
  8370 | D:6      | Reached skill level 6 in Fighting
  8637 | D:7      | Gained mutation: You are partially covered in sharp spines.
                  | [demonic ancestry]
  8637 | D:7      | Reached XP level 9. HP: 64/69 MP: 11/13
  9319 | D:7      | Reached skill level 7 in Fighting
  9423 | D:7      | Reached skill level 5 in Hexes
  9485 | D:7      | Found an ornate altar of the Wu Jian Council.
  9560 | D:7      | Gained mutation: When seriously injured, your bleeding
                  | wounds create very thick armour. (AC +0) [demonic ancestry]
  9560 | D:7      | Reached XP level 10. HP: 79/79 MP: 14/14
  9590 | D:7      | Reached **** piety under Lugonu
  9635 | D:7      | Found an iron altar of Okawaru.
  9902 | D:7      | Found a burning altar of Makhleb.
 10130 | D:8      | Paralysed by a hornet for 2 turns
 10133 | D:8      | Reached skill level 8 in Fighting
 10222 | D:8      | Noticed Harold
 10338 | D:8      | Killed Harold
 10483 | D:8      | Reached skill level 9 in Fighting
 10614 | D:8      | Found a sparkling altar of Nemelex Xobeh.
 10728 | D:8      | Found a basalt altar of Yredelemnul.
 10730 | D:8      | Noticed a profane servitor
 10801 | D:8      | Found a glowing golden altar of the Shining One.
 10856 | D:8      | Found Citiosorch's Book Boutique.
 11130 | D:9      | Reached ***** piety under Lugonu
 11704 | D:10     | Entered Level 10 of the Dungeon
 11708 | D:10     | Found Nutetuok's Food Shop.
 11778 | D:10     | Found Dothrul's Weapon Boutique.
 11835 | D:10     | Reached skill level 1 in Shields
 11870 | D:10     | Found Wesa's Weapon Emporium.
 11893 | D:10     | Found Louwkenk's Book Emporium.
 11904 | D:10     | Gained mutation: Your flesh is cold resistant. (rC+)
                  | [demonic ancestry]
 11904 | D:10     | Reached XP level 11. HP: 88/89 MP: 17/17
 11908 | D:10     | Learned a level 1 spell: Animate Skeleton
 12243 | D:10     | Noticed a two-headed ogre
 12274 | D:10     | Reached skill level 1 in Necromancy
 12527 | D:10     | Found Poot's Distillery.
 12536 | D:10     | Bought a potion of heal wounds for 65 gold pieces
 12536 | D:10     | Bought a potion of curing for 39 gold pieces
 12927 | D:11     | Found Jicvuna's Food Shop.
 13168 | D:11     | Found a staircase to the Orcish Mines.
 13278 | D:11     | Reached ****** piety under Lugonu
 13520 | D:11     | Reached skill level 10 in Fighting
 13520 | D:11     | Reached skill level 5 in Spellcasting
 13727 | D:11     | Found a staircase to the Lair.
 14600 | D:12     | Found a runed translucent door.
 14601 | D:12     | Noticed a skeletal warrior
 14602 | D:12     | Noticed a vampire knight
 14602 | D:12     | Noticed a skeletal warrior
 14602 | D:12     | Noticed a lich
 14603 | D:12     | Noticed a sphinx
 14692 | Lair:1   | Entered Level 1 of the Lair of Beasts
 14765 | Lair:1   | Noticed Grum
 14874 | Lair:1   | Killed Grum
 14874 | Lair:1   | Gained mutation: You are immune to freezing clouds.
                  | [demonic ancestry]
 14874 | Lair:1   | Reached XP level 12. HP: 70/98 MP: 20/20
 15218 | Lair:1   | Reached skill level 5 in Necromancy
 15791 | Lair:2   | Noticed a seven-headed hydra
 15817 | Lair:2   | Killed a seven-headed hydra
 16221 | Lair:2   | Reached skill level 5 in Shields
 16460 | Lair:2   | Reached skill level 10 in Polearms
 16468 | Lair:2   | Noticed a five-headed hydra
 16489 | Lair:2   | Killed a five-headed hydra
 16489 | Lair:2   | Reached skill level 11 in Fighting
 17700 | Lair:4   | Noticed a minotaur
 17700 | Lair:4   | Noticed slayr's ghost (journeyman MfIE)
 17897 | Lair:4   | Found a runed translucent gate.
 17897 | Lair:4   | Found a runed translucent gate.
 17904 | Lair:4   | Found a runed translucent gate.
 17929 | Lair:4   | Found a staircase to the Snake Pit.
 18033 | Lair:4   | Noticed an eight-headed hydra
 18047 | Lair:4   | Killed an eight-headed hydra
 18122 | Lair:4   | Gained mutation: You have a pair of antennae on your head.
                  | [demonic ancestry]
 18122 | Lair:4   | Reached XP level 13. HP: 106/106 MP: 22/22
 18158 | Lair:4   | Found a staircase to the Shoals.
 19164 | Lair:5   | Found a staircase to the Slime Pits.
 19656 | Lair:6   | Entered Level 6 of the Lair of Beasts
 19810 | Lair:6   | Found a transporter.
 19815 | Lair:6   | Noticed Terandir's ghost (journeyman MiFi)
 19816 | Lair:6   | Identified the +4 spear of Undoing {chaos, rElec rN++
                  | Str+4}
 19817 | Lair:6   | Found a bloodstained altar of Trog.
 20088 | Lair:6   | Reached skill level 12 in Fighting
 20627 | Lair:6   | Found a transporter.
 21105 | Lair:6   | Gained mutation: A meltable icy envelope protects you from
                  | harm. (AC +10) [demonic ancestry]
 21105 | Lair:6   | Reached XP level 14. HP: 70/116 MP: 23/23
 21842 | Lair:6   | Killed Terandir's ghost
 22110 | D:11     | You fall through a shaft for 3 floors!
 22237 | D:13     | Found Yrih's Book Boutique.
 22381 | D:10     | Bought a book of Death for 910 gold pieces
 22383 | D:10     | Learned a level 1 spell: Pain
 22386 | D:10     | Learned a level 2 spell: Corpse Rot
 22390 | D:10     | Learned a level 3 spell: Vampiric Draining
 22395 | D:10     | Learned a level 4 spell: Animate Dead
 22399 | D:10     | Learned a level 3 spell: Regeneration
 22455 | Orc:1    | Entered Level 1 of the Orcish Mines
 23034 | Orc:2    | Entered Level 2 of the Orcish Mines
 23048 | Orc:2    | Noticed Erolcha
 23050 | Orc:2    | Found a staircase to the Elven Halls.
 23062 | Orc:2    | Cast into level 1 of the Abyss (Erolcha)
 23062 | Abyss:1  | Found a corrupted altar of Lugonu.
 23063 | Abyss:1  | Noticed a tentacled starspawn
 23063 | Orc:2    | Escaped the Abyss
 23068 | Orc:2    | Killed Erolcha
 23068 | Orc:2    | Reached skill level 13 in Fighting
 23082 | Orc:2    | Noticed an orc warlord
 23095 | Orc:1    | Noticed an orc warlord
 23095 | Orc:1    | Noticed Erica
 23362 | Orc:2    | Noticed a stone giant
 23396 | Orc:2    | Killed a stone giant
 23716 | Orc:2    | Found a runed translucent door.
 23721 | Orc:2    | Noticed caleiya's ghost (adept GrFi)
 24293 | Orc:2    | Reached skill level 10 in Armour
 24412 | Orc:1    | HP: 4/118 [poisoned by caleiya's ghost]
 24415 | Orc:1    | Succumbed to caleiya's ghost's poison

Skill      XL: |  1  2  3  4  5  6  7  8  9 10 11 12 13 14 |
---------------+-------------------------------------------+-----
Dodging        | 1 2 3 4 |  4.0
Polearms       | 2 3 4 5 6 8 9 10 11 12 | 12.0
Armour         | 2 3 4 5 6 7 9 10 | 10.0
Invocations    | 3 4 |  4.0
Fighting       | 4 5 6 7 9 10 11 12 13 | 13.1
Hexes          | 3 5 6 |  6.0
Spellcasting   | 2 3 4 5 6 |  6.0
Shields        | 1 4 6 8 9 |  9.0
Necromancy     | 4 6 |  6.3

Action                   |  1- 3 |  4- 6 |  7- 9 | 10-12 | 13-15 || total
-------------------------+-------+-------+-------+-------+-------++-------
Melee: Spear             |   143 |   288 |   619 |  1369 |  1472 ||  3891
Invok: Depart the Abyss  |     1 |     1 |       |       |     1 ||     3
       Banish            |       |       |       |       |     1 ||     1
  Use: Scroll            |     3 |     6 |    11 |    13 |     7 ||    40
       Potion            |       |     7 |     7 |       |    17 ||    31
 Stab: Distracted        |       |       |     1 |       |       ||     1
       Paralysed         |       |       |       |       |    17 ||    17
       Confused          |       |       |       |       |     4 ||     4
  Eat: Chunk             |     1 |     3 |       |    11 |     9 ||    24
       Ration            |     1 |     2 |     6 |     6 |     3 ||    18
Armor: Leather armour    |    25 |       |       |       |       ||    25
       Ring mail         |    26 |    16 |       |       |       ||    42
       Plate armour      |       |   142 |   335 |   562 |   498 ||  1537
       Skin              |       |     6 |       |       |    18 ||    24
Dodge: Dodged            |    61 |    42 |   133 |   216 |   246 ||   698
Block: Shield            |       |       |       |   353 |   363 ||   716
       Buckler           |       |       |       |       |   107 ||   107
